Map: Year Zero LE

Players

PointyStick - Winner!

  • Race: Zerg Zerg
  • League: Diamond
  • Spawn Location: 1:00

Pain

  • Race: Protoss Protoss
  • League: Diamond
  • Spawn Location: 11:00

VOD

Have the link to the VOD?

Description

Time

  • Played on: April 22, 2019, 11:36 a.m.
  • Length: 5:42
Show
View Real Time Build Order
Export as new Build Order

PointyStick Zerg - Winner!

Build Orders: Pool First 

Get SALT Encoding   

  12  0:01  Drone  
  13  0:13  Extractor  
  12  0:25  Spawning Pool  
  11  0:29  Drone  
  11  0:34  Drone  
  13  0:40  Drone  
  14  0:52  Overlord  
  14  1:13  Zergling x2  
  14  1:14  Zergling x4  
  17  1:19  Metabolic Boost  
  17  1:25  Drone  
  18  1:39  Drone  
  19  1:46  Drone  
  20  1:49  Lair  
  20  1:55  Extractor  
  20  1:56  Drone  
  20  2:08  Overlord  
  20  2:19  Drone  
  20  2:42  Drone x2  
  22  2:49  Queen  
  24  2:53  Spire  
  23  3:09  Drone x2  
  25  3:26  Hatchery  
  24  3:38  Overlord  
  22  4:05  Mutalisk x4  
  30  4:15  Mutalisk  
  32  4:19  Drone  
  32  4:20  Drone  
  34  4:36  Mutalisk  
  36  4:46  Drone x4  
  40  5:02  Mutalisk  
Show
View Real Time Build Order
Export as new Build Order

Pain Protoss 

Build Orders:  

Get SALT Encoding   

  12  0:01  Probe  
  13  0:13  Probe  
  14  0:20  Pylon  
  14  0:25  Probe  
  15  0:31  Assimilator  
  15  0:37  Probe  
  16  0:45  Gateway, Probe  
  17  0:53  Probe  
  18  1:04  Probe  
  19  1:16  Probe  
  20  1:25  Gateway  
  20  1:26  Zealot  
  20  1:33  Cybernetics Core  
  21  1:46  Pylon  
  21  1:48  Zealot  
  23  2:10  Nexus  
  23  2:15  Adept  
  25  2:23  Adept  
  25  2:26  Warp Gate  
  25  2:28  Probe  
  28  2:44  Assimilator, Probe  
  29  2:56  Pylon, Probe  
  30  3:04  Pylon  
  30  3:08  Probe  
  31  3:21  Probe  
  32  3:32  Probe  
  32  3:33  Robotics Facility, Probe  
  34  3:41  Probe  
  34  3:45  Probe  
  36  3:49  Probe  
  37  3:57  Gateway, Probe  
  37  3:59  Gateway, Probe  
  39  4:09  Probe  
  40  4:11  Probe  
  40  4:12  Assimilator  
  40  4:14  Assimilator, Observer  
  41  4:21  Probe  
  41  4:23  Probe  
  44  4:28  Twilight Council  
  44  4:33  Probe x2  
  44  4:35  Immortal  
  50  4:41  Probe  
  52  4:45  Probe  
  52  4:51  Probe  
  52  4:53  Pylon  
  52  4:57  Pylon, Stalker  
  55  5:03  Stalker  
  57  5:13  Stalker x2  
  59  5:22  Stalker  
  59  5:27  Probe  
  60  5:29  Shield Battery  
  56  5:35  Stalker  
Tags
 
Add a new tag
Caveats
  • Supply blocks, unpowered buildings, or Contaminate may cause inaccurate times.
  • Supply counts are checked every 10 seconds.